Map: Ruins of Seras

Players

AcerBly (Bly) - Winner!

  • Race: Zerg Zerg
  • League: Grandmaster

Elazer

  • Race: Zerg Zerg
  • League: Grandmaster

Event: 2016 WCS Winter Circuit Championship

VOD

Have the link to the VOD?

Description

Time

  • Played on: March 3, 2016, 5:57 a.m.
  • Length: 7:30

All games in this series

Show
View Real Time Build Order
Export as new Build Order

AcerBly Zerg - Winner!

Build Orders: Hatch First 

Get SALT Encoding   

  12  0:01  Drone  
  13  0:12  Overlord  
  13  0:17  Drone  
  14  0:31  Drone x2  
  16  0:37  Drone  
  17  0:53  Hatchery  
  17  0:56  Drone  
  17  0:59  Drone  
  17  1:02  Extractor  
  17  1:17  Spawning Pool  
  16  1:19  Drone  
  16  1:24  Drone  
  18  1:30  Drone  
  19  1:43  Overlord  
  19  2:03  Queen  
  19  2:04  Zergling x2  
  19  2:05  Metabolic Boost, Zergling x2  
  19  2:08  Queen  
  23  2:12  Drone  
  23  2:15  Zergling x2  
  27  2:24  Zergling x4  
  27  2:29  Zergling x2  
  30  2:32  Baneling Nest  
  30  2:36  Zergling x2  
  30  2:40  Zergling x2  
  31  2:50  Queen  
  30  2:59  Zergling x2  
  30  3:00  Zergling x2  
  31  3:13  Zergling x8  
  31  3:17  Baneling  
  31  3:19  Baneling  
  35  3:31  Drone x2  
  36  3:39  Overlord x2  
  36  3:50  Drone, Evolution Chamber  
  36  3:58  Baneling x2  
  36  4:03  Drone x3  
  36  4:04  Drone  
  35  4:19  Zergling x4  
  35  4:20  Zergling x4  
  37  4:32  Drone x3  
  39  4:43  Drone x5  
  42  4:50  Drone x2  
  42  4:51  Drone  
  45  5:00  Roach Warren  
  45  5:01  Extractor  
  43  5:13  Extractor, Drone x3, Overlord  
  44  5:26  Overlord x2  
  44  5:27  Overlord  
  44  5:50  Roach x4  
  44  5:51  Roach x5  
  62  5:59  Roach  
  62  6:00  Roach x2  
  62  6:02  Baneling  
  68  6:04  Drone  
  68  6:05  Drone  
  70  6:13  Overlord  
  70  6:30  Zergling x14  
  76  6:42  Baneling x7  
  76  6:43  Baneling x2  
  76  6:44  Zergling x10  
  79  7:00  Drone x2  
  79  7:01  Drone x2  
  84  7:25  Hatchery  
Show
View Real Time Build Order
Export as new Build Order

Elazer Zerg 

Build Orders: Pool First 

Get SALT Encoding   

  12  0:00  Drone  
  13  0:08  Drone  
  13  0:14  Extractor  
  13  0:16  Drone  
  14  0:34  Spawning Pool  
  13  0:36  Drone  
  14  0:43  Drone, Extractor  
  15  0:51  Overlord  
  15  1:20  Queen  
  15  1:21  Metabolic Boost, Zergling x2  
  15  1:23  Zergling x2  
  19  1:26  Zergling x2  
  20  1:34  Zergling x2  
  21  1:44  Zergling x2  
  22  1:56  Hatchery  
  21  2:08  Overlord  
  21  2:09  Zergling x2  
  22  2:27  Queen  
  24  2:30  Zergling x6  
  24  2:34  Zergling x2  
  28  2:38  Zergling x2  
  29  2:49  Zergling x2  
  27  3:00  Zergling x2  
  28  3:11  Drone x3  
  28  3:15  Drone x2  
  28  3:17  Queen  
  32  3:27  Drone  
  32  3:30  Queen  
  31  3:37  Spine Crawler  
  30  3:46  Roach Warren  
  29  3:49  Zergling x2  
  29  3:54  Zergling x2  
  31  4:00  Zergling x4  
  33  4:08  Zergling x4  
  34  4:15  Zergling x6  
  30  4:22  Zergling x4  
  26  4:29  Roach  
  28  4:35  Roach  
  28  4:38  Roach  
  31  4:47  Drone x2  
  31  4:48  Drone  
  31  4:51  Drone  
  35  5:03  Overlord  
  35  5:11  Queen  
  32  5:15  Drone  
  32  5:20  Drone  
  34  5:23  Drone  
  34  5:28  Drone  
  36  5:31  Drone  
  38  5:35  Drone  
  38  5:41  Overlord  
  38  5:45  Drone  
  39  5:52  Queen  
  39  5:55  Drone  
  42  5:57  Drone  
  42  6:00  Drone  
  44  6:10  Overlord  
  43  6:13  Drone x2  
  43  6:17  Drone  
  46  6:21  Roach x2  
  49  6:31  Roach x3  
  55  6:37  Roach  
  57  6:43  Overlord  
  57  6:52  Roach  
  57  6:53  Roach  
  58  6:57  Overlord  
  58  6:58  Ravager  
  59  7:03  Zergling x2  
  59  7:04  Zergling x6  
Tags
 
Add a new tag
Caveats
  • Supply blocks, unpowered buildings, or Contaminate may cause inaccurate times.
  • Supply counts are checked every 10 seconds.